 Dungeon Crawl Stone Soup version 0.27.1-4-g1640c2035a (webtiles) character file.

Game seed: 529492047913190966

32 AarnesTheHuman the Covered (level 3, 30/30 HPs)
             Began as a Barachi Fighter on Nov 1, 2021.
             Was a Follower of Makhleb.
             Got out of the dungeon alive.
             The game lasted 00:01:32 (1202 turns).

AarnesTheHuman the Covered (Barachi Fighter)        Turns: 1202, Time: 00:01:32

Health: 30/30      AC:  7    Str: 18    XL:     3   Next: 27%
Magic:  3/3        EV:  7    Int:  8    God:    Makhleb [*.....]
Gold:   42         SH:  9    Dex: 11    Spells: 2/2 levels left

rFire    . . .     SeeInvis .   b - +0 dagger (venom)
rCold    . . .     Faith    .   c - +0 kite shield
rNeg     . . .     Spirit   .   f - +0 scale mail
rPois    .         Reflect  .   (no helmet)
rElec    .         Harm     .   (no cloak)
rCorr    .         Rampage  .   (no gloves)
Will     .....                  (no boots)
Stlth    ..........             (no amulet)
HPRegen  0.10/turn              (no ring)
MPRegen  0.08/turn              (no ring)

@: slow
A: amphibious, slowness 1, strong legs 1, +LOS
a: Hop, Renounce Religion


You escaped.
You worshipped Makhleb.
Makhleb was aware of your devotion.
You visited 1 branch of the dungeon, and saw 1 of its levels.

You collected 42 gold pieces.

Inventory:

Hand Weapons
 a - a +0 long sword
 b - a +0 dagger of venom (weapon)
 h - a +0 hunting sling
Missiles
 g - 8 poisoned darts
Armour
 c - a +0 kite shield (worn)
 f - a +0 scale mail (worn)
Scrolls
 e - 2 scrolls of identify {unknown}
Potions
 d - a potion of might
 i - a potion of cancellation {unknown}


   Skills:
 + Level 4.0 Fighting
 + Level 3.0 Long Blades
 + Level 4.1 Armour
 + Level 3.6 Shields


You had 2 spell levels left.
You didn't know any spells.
Your spell library was empty.

Dungeon Overview and Level Annotations

Branches:
Dungeon (1/15)

Altars:
Makhleb


Innate Abilities, Weirdness & Mutations

You are amphibious.
You cover ground slowly.
You can hop short distances.
You have an extended range of vision and can be seen from far away.


Message History

You closely miss the quokka.
The quokka is heavily wounded.
You block the quokka's attack. x2
You completely miss the quokka.
The quokka is severely wounded.
You kill the quokka!
No target in view!
Found a hunting sling.
Found a stone staircase leading down.
You now have 42 gold pieces (gained 9).
There is a stone staircase leading down here.
Found a faded altar of an unknown god.
There is a faded altar of an unknown god here.
A ball python comes into view.
The ball python hisses angrily.
A bat comes into view.
The bat moves out of view.
No target in view!
You block the ball python's attack. The ball python grabs you.
The ball python constricts you.
You hit the ball python.
The ball python is severely wounded.
The ball python bites you but does no damage.
The ball python constricts you.
You hit the ball python.
You kill the ball python!
You see here a ball python corpse.
There is a faded altar of an unknown god here.
You cannot tell which god this altar belongs to.
Convert to them anyway?
Makhleb accepts your prayer! Makhleb welcomes you!
You can now gain health from killing.
There is a stone staircase leading down here.
There is an open door here.
You open the door.
There is an open door here.
There is an open door here.
There is a staircase leading out of the dungeon here.
Are you sure you want to leave the Dungeon?
This will make you lose the game!
You have escaped!

#.#### #......#...# #.#.... #.#
#......#...# #.#...#
#.######......#...#########.#...#
#...............................#
##############'############.#.#.#
+ ..>.......'......# #####.#.#.#
# ..........#'####.# #.......#.#
# .#........#.#..#.# #.......#.#
#........#.'@.+.# #.......#.#
#........#.#..#.###.......#.#
#........#.####.#..†......#.#
#........#......#.#.......#
########.########.#.......#
#........#.#.......#
###.#.##.#.#.#.......#
#......#.#.#.#.......#
#.#.#..#.....#.......#


There were no monsters in sight!

Vanquished Creatures
  2 dart slugs (D:1)
  An endoplasm (D:1)
  2 giant cockroaches (D:1)
  2 goblins (D:1)
  3 hobgoblins (D:1)
  3 jackals (D:1)
  5 quokkas (D:1)
  3 ball pythons (D:1)
  4 frilled lizards (D:1)
25 creatures vanquished.

Notes
Turn   | Place    | Note
-------+----------+-------------------------------------------
     0 | D:1      | AarnesTheHuman the Barachi Fighter began the quest for the
                  | Orb.
     0 | D:1      | Reached XP level 1. HP: 18/18 MP: 1/1
    50 | D:1      | Reached XP level 2. HP: 7/25 MP: 2/2
   951 | D:1      | Reached XP level 3. HP: 28/30 MP: 3/3
  1101 | D:1      | Found a faded altar of an unknown god.
  1165 | D:1      | Became a worshipper of Makhleb the Destroyer
  1165 | D:1      | Reached * piety under Makhleb
  1202 | D:$      | Got out of the dungeon alive.

Illustrated notes

Levels and vault maps discovered:
D:1:      ncdulo_smallfort, layout_basic, chequers_ecumenical_altar_twisty

Skill      XL: |  1  2  3 |
---------------+----------+-----
Fighting       | 4 |  4.0
Armour         | 4 |  4.1
Long Blades    | 3 |  3.0
Shields        | |  3.6

Action                   || total
-------------------------++-------
Melee: Long sword        ||    52
       Dagger            ||    38
 Abil: Hop               ||     1
Armor: Scale mail        ||    37
Dodge: Dodged            ||    18
Block: Kite shield       ||    58
       Rpst.: Long sword ||     5
